 Dungeon Crawl Stone Soup version 0.30.1-1-g62c8e00024 (webtiles) character file.

Game seed: 4711006260788725227

1202 coffeetime the Fighter (level 8, -9/78 (79) HPs)
             Began as a Minotaur Berserker on July 18, 2023.
             Was an Elder of Trog.
             Mangled by a wight
             ... wielding a +4 hand axe
              (11 damage)
             ... on level 5 of the Dungeon.
             The game lasted 00:13:26 (4160 turns).

coffeetime the Fighter (Minotaur Berserker)         Turns: 4160, Time: 00:13:29

HP:   -9/78 (79)    AC: 10    Str: 31    XL:     8   Next: 21%
MP:   0/2           EV:  9    Int:  4    God:    Trog [****..]
Gold: 226           SH:  0    Dex:  4    Spells: 7/7 levels left

rFire   . . .        I - +0 glaive (antimagic)
rCold   + . .        (shield currently unavailable)
rNeg    + . .        B - +0 chain mail
rPois   +            (helmet restricted)
rElec   .            (no cloak)
rCorr   .            (no gloves)
SInv    .            E - +1 pair of boots "Puinlets" {rPois rN+ Str+6 Dex-5}
Will    .....        u - amulet of Sif Muna's Esteem {Spirit rC+} Stlth
                     (no ring)
HPRegen 0.33/turn    (no ring)
MPRegen 0.08/turn

%: guardian spirit
@: on berserk cooldown, slowed, lightly drained, very slow
A: horns 2, retaliatory headbutt
a: Renounce Religion, Berserk, Trog's Hand, Brothers in Arms


You were on level 5 of the Dungeon.
You worshipped Trog.
Trog was greatly pleased with you.
You visited 1 branch of the dungeon, and saw 5 of its levels.
You also visited: Sewer.

You collected 226 gold pieces.

Inventory:

Hand Weapons
 j - a +0 war axe
 o - a +0 dagger of venom
 r - the +6 rapier of the Orb {drain, rElec rN+ Dex-5}
   (You found it on level 2 of the Dungeon)

   Dex:       It affects your dexterity (-5).
   rElec:     It insulates you from electricity.
   rN:        It protects you from negative energy.
 D - a +0 flail
 I - a +0 antimagic glaive (weapon)
 J - the +3 spear of Gameuwew {freeze, Int+4}
   (You found it on level 5 of the Dungeon)

   Int:       It affects your intelligence (+4).
Missiles
 e - 69 stones (quivered)
 q - 4 javelins
 K - 2 poisoned darts
Armour
 b - a +0 animal skin
 B - a +0 chain mail (worn)
 E - the +1 pair of boots "Puinlets" (worn) {rPois rN+ Str+6 Dex-5}
   (You found it on level 4 of the Dungeon)

   Str:       It affects your strength (+6).
   Dex:       It affects your dexterity (-5).
   rPois:     It protects you from poison.
   rN:        It protects you from negative energy.
Jewellery
 u - the amulet of Sif Muna's Esteem (around neck) {Spirit rC+}
   (You found it on level 3 of the Dungeon)

   [amulet of guardian spirit]

   It causes incoming damage to be divided between your reserves of health and
   magic.
   rC:        It protects you from cold.
 C - an amulet of the acrobat
Wands
 a - a wand of charming (3)
 y - a wand of flame (13)
 H - a wand of roots (12)
Scrolls
 g - a scroll of acquirement {unknown}
 h - a scroll of vulnerability {unknown}
 i - a scroll of fear {unknown}
 k - a scroll of amnesia {unknown}
 l - a scroll of blinking {unknown}
 m - a scroll of enchant armour {unknown}
 n - a scroll of immolation {unknown}
 t - 5 scrolls of identify {unknown}
 v - 3 scrolls of teleportation {unknown}
 w - 2 scrolls of butterflies {unknown}
 z - a scroll of poison {unknown}
 F - a scroll of magic mapping {unknown}
 G - a scroll of enchant weapon {unknown}
Potions
 c - 3 potions of might {unknown}
 d - 3 potions of heal wounds {unknown}
 f - 3 potions of curing
 p - a potion of ambrosia {unknown}
 s - 2 potions of brilliance {unknown}
 x - a potion of lignification {unknown}
 A - a potion of cancellation {unknown}


   Skills:
 + Level 10.1 Fighting
 - Level 6.6(7.2) Axes
 + Level 4.2(6.0) Polearms
 - Level 2.4 Armour
 - Level 2.1 Dodging


You had 7 spell levels left.
You didn't know any spells.
Your spell library was empty.

Dungeon Overview and Level Annotations

Branches:
Dungeon (5/15)              Sewer (visited)
 Temple: D:4-7

Altars:
Dithmenos
Kikubaaqudgha
Okawaru


Innate Abilities, Weirdness & Mutations

You have a pair of horns on your head.
You reflexively headbutt those who attack you in melee.


Message History

Items here: ) [[ †.
You feel your anger nearly subside.
Reach: I) +0 glaive (antimagic)
Press: ? - help, Dir - move target, f - wight
Aim: a wight, wielding a +0 great sword, wearing a +0 robe and wearing a +6 ring of intelligence (about 48% to evade your +0 antimagic glaive)
You reach to attack!
You slice the wight!!
You destroy the wight!
Trog accepts your kill.
You are no longer berserk.
You are exhausted.
You feel yourself slow down.
Your base Polearms skill increases to level 4!
Reach: I) +0 glaive (antimagic)
Press: ? - help, Dir - move target, f - wight
Aim: a wight, wielding a +0 halberd and wearing a +0 robe (about 46% to evade your +0 antimagic glaive)
You reach to attack!
You slash the wight!
The wight is severely damaged.
The wight hits you from afar with a +0 halberd!
* * * LOW HITPOINT WARNING * * *
The wight barely misses you.
Reach: I) +0 glaive (antimagic)
Press: ? - help, Dir - move target, f/p - wight
Aim: a wight, wielding a +0 halberd and wearing a +0 robe (severely damaged, about 46% to evade your +0 antimagic glaive)
Okay, then.
It was a potion of curing.
You feel better. The wight closely misses you.
The wight hits you from afar with a +0 halberd.
* * * LOW HITPOINT WARNING * * *
Reach: I) +0 glaive (antimagic)
Press: ? - help, Dir - move target, f/p - wight
Aim: a wight, wielding a +0 halberd and wearing a +0 robe (severely damaged, about 46% to evade your +0 antimagic glaive)
You reach to attack!
You closely miss the wight.
The wight is severely damaged.
The wight hits you from afar with a +0 halberd.
* * * LOW HITPOINT WARNING * * *
You partially resist.
You feel drained.
* * * LOW HITPOINT WARNING * * *
The wight hits you with a +4 hand axe!
* * * LOW HITPOINT WARNING * * *
The wight hits you with a +4 hand axe!
You die...

##....###........#
#......##.#....###
..........####.##### ...
.........####...##.## z..#
.........###........##...###..#..
..........#..##....#.#...........
..........#..#.....#.............
##..........)...z................
.#...........)).@†z............#
....##.##...).).##...##.##.....
.....#.#...#..#.###......##..##
...#.....#...#####........#g..#
.#.##...##..## #.......##....##
.#...._....## #.....:.......#
.#.##...##.# ##............#
...#.....#.# #....#......##
#....#.#...# ##...##...###


You could see 2 wights.

Vanquished Creatures
  Grinder (D:4)
  2 ogres
  Blork the orc (D:4)
  A gnoll sergeant (D:5)
  A scorpion (D:4)
  3 wights (D:5)
  2 hounds (D:4)
  3 sleepcaps
  An iguana (D:4)
  A hell rat (Sewer)
  3 orc wizards
  6 adders
  5 gnolls (D:5)
  A river rat (Sewer)
  An ufetubus (D:4)
  3 worms (D:3)
  11 orcs
  11 endoplasms
  4 giant cockroaches
  3 goblins
  4 hobgoblins
  7 jackals
  4 quokkas
  8 ball pythons
  5 bats
  7 frilled lizards
  7 kobolds
  9 rats
115 creatures vanquished.

Notes
Turn   | Place    | Note
-------+----------+-------------------------------------------
     0 | D:1      | coffeetime the Minotaur Berserker began the quest for the
                  | Orb.
     0 | D:1      | Reached XP level 1. HP: 19/19 MP: 0/0
   118 | D:1      | Reached skill level 4 in Fighting
   195 | D:1      | Reached XP level 2. HP: 24/28 MP: 1/1
   543 | D:1      | Reached skill level 5 in Fighting
   668 | D:1      | Reached XP level 3. HP: 36/36 MP: 2/2
   717 | D:1      | Reached ** piety under Trog
  1276 | D:2      | Identified the +6 rapier of the Orb {drain, rElec rN+
                  | Dex-5}
  1779 | D:3      | Reached skill level 6 in Fighting
  1779 | D:3      | Reached XP level 4. HP: 35/44 MP: 3/3
  1861 | D:3      | Identified the amulet of Sif Muna's Esteem {Spirit rC+}
  1933 | D:3      | Found a glowing drain.
  1951 | Sewer    | Entered a sewer
  2443 | D:3      | Found an iron altar of Okawaru.
  2656 | D:3      | Found a shadowy altar of Dithmenos.
  2684 | D:3      | Reached skill level 7 in Fighting
  2684 | D:3      | Reached XP level 5. HP: 46/52 MP: 2/4
  2696 | D:3      | Reached *** piety under Trog
  2995 | D:4      | Noticed an ogre
  3009 | D:4      | Killed an ogre
  3010 | D:4      | Reached XP level 6. HP: 61/61 MP: 5/5
  3013 | D:4      | Reached skill level 8 in Fighting
  3013 | D:4      | Reached skill level 5 in Axes
  3061 | D:4      | Identified the +1 pair of boots "Puinlets" {rPois rN+ Str+6
                  | Dex-5}
  3083 | D:4      | Noticed Grinder
  3083 | D:4      | Paralysed by Grinder for 2 turns
  3094 | D:4      | Killed Grinder
  3095 | D:4      | Reached XP level 7. HP: 69/69 MP: 6/6
  3310 | D:4      | Noticed Blork the orc
  3323 | D:4      | Killed Blork the orc
  3324 | D:4      | Reached skill level 9 in Fighting
  3695 | D:5      | Entered Level 5 of the Dungeon
  3711 | D:5      | Reached skill level 1 in Polearms
  3838 | D:5      | Reached **** piety under Trog
  4037 | D:5      | Found an ancient bone altar of Kikubaaqudgha.
  4062 | D:5      | Identified the +3 spear of Gameuwew {freeze, Int+4}
  4135 | D:5      | Reached XP level 8. HP: 75/79 MP: 2/7
  4153 | D:5      | Reached skill level 10 in Fighting
  4160 | D:5      | HP: 2/78 [wight/+4 hand axe (6)]
  4160 | D:5      | Mangled by a wight

Illustrated notes

Levels and vault maps discovered:
D:1:      minmay_arrival_four_circles, layout_basic
D:2:      layout_loops_ring, minmay_curled_crystal, fountainhead
D:3:      layout_loops_corners, nicolae_dithmenos_through_a_glass_darkly,
          okawaru_gym_becter, cheibrodos_sewer_entry_bend
D:4:      layout_rooms, uniq_blork_the_orc, uniq_grinder
D:5:      layout_cave_pools, mainiacjoe_overflow_small_starburst,
          minmay_temple_entry_nine_rooms, minivault_19

Skill      XL: |  1  2  3  4  5  6  7  8 |
---------------+-------------------------+-----
Fighting       | 4 5 6 7 8 9 10 | 10.1
Axes           | 4 6 |  6.6
Polearms       | 3 4 |  4.2
Armour         | |  2.4
Dodging        | |  2.1

Action                     |  1- 3 |  4- 6 |  7- 9 || total
---------------------------+-------+-------+-------++-------
  Melee: Hand axe          |    42 |       |       ||    42
         Headbutt          |    10 |    13 |     8 ||    31
         War axe           |    46 |    91 |    30 ||   167
         Glaive            |       |       |    50 ||    50
 Invoke: Berserk           |       |     3 |     1 ||     4
    Use: Potion            |       |       |     1 ||     1
 Armour: Animal skin       |    20 |     6 |       ||    26
         Chain mail        |       |    22 |    31 ||    53
  Dodge: Dodged            |    63 |    44 |    37 ||   144
